 Dungeon Crawl Stone Soup version 0.23-a0-756-g517b432 (console) character file.

2667 Voker57 the Slasher (level 9, -5/64 HPs)
             Began as a Demonspawn Gladiator on Jan 18, 2019.
             Was a Follower of Hepliaklqana.
             Slain by an orc warrior
             ... wielding a +2 dire flail of draining
              (13 damage)
             ... on level 7 of the Dungeon.
             The game lasted 00:09:56 (6231 turns).

Voker57 the Slasher (Demonspawn Gladiator)          Turns: 6231, Time: 00:09:57

Health: -5/64      AC: 10    Str: 14    XL:     9   Next: 37%
Magic:  9/9        EV: 13    Int: 11    God:    Hepliaklqana [*.....]
Gold:   231        SH:  0    Dex: 17    Spells: 8/8 levels left

rFire    x . .     SeeInvis .   a - +3 long sword
rCold    + + .     Gourm    .   (no shield)
rNeg     . . .     Faith    .   e - +1 ice dragon scales
rPois    .         Spirit   .   (helmet restricted)
rElec    .         Reflect  .   (no cloak)
rCorr    .         Harm     .   (no gloves)
MR       .....                  (no boots)
Stlth    ..........             (no amulet)
HPRegen  0.20/turn              u - +2 ring of evasion
MPRegen  0.11/turn              q - +3 ring of slaying

@: heavily drained
A: reduced essence, antennae 2, claws 1, hooves 1, demonic guardian 2, powered
by death 1
a: Recall Ancestor, Ancestor Identity, Renounce Religion


You were on level 7 of the Dungeon.
You worshipped Hepliaklqana.
Hepliaklqana was aware of your devotion.
You were not hungry.

You visited 2 branches of the dungeon, and saw 8 of its levels.

You collected 231 gold pieces.

Inventory:

Hand Weapons
 a - a +3 long sword (weapon)
 w - a +0 hand axe of flaming
Missiles
 d - 3 throwing nets (quivered)
Armour
 b - a +0 leather armour
 c - a +0 helmet
 e - +1 ice dragon scales (worn)
 x - a +4 chain mail
Jewellery
 k - an uncursed ring of magical power
 q - a +3 ring of slaying (right claw)
 u - a +2 ring of evasion (left claw)
 D - an uncursed ring of fire
Wands
 p - a wand of random effects (15)
 v - a wand of flame (19)
 F - a wand of iceblast (13)
Scrolls
 h - 6 scrolls of teleportation
 i - 2 scrolls of magic mapping
 j - 3 scrolls of remove curse
 n - a scroll of enchant armour
 s - a scroll of brand weapon {unknown}
Potions
 g - 5 potions of curing
 l - a potion of flight
 m - a potion of invisibility {unknown}
 o - 3 potions of magic {unknown}
 r - 2 potions of degeneration {unknown}
 t - a potion of brilliance {unknown}
 z - 3 potions of might {unknown}
 A - a potion of agility {unknown}
 B - a potion of ambrosia {unknown}
 C - a potion of berserk rage {unknown}
Comestibles
 f - 16 rations
 E - 3 chunks of flesh


   Skills:
 + Level 7.3(6.0) Fighting
 + Level 7.6(6.3) Long Blades
 - Level 1.8(0.7) Throwing
 - Level 1.8(0.7) Armour
 + Level 7.0(5.7) Dodging
 - Level 0.1(0.0) Stealth


You had 8 spell levels left.
You didn't know any spells.
Your spell library was empty.

Dungeon Overview and Level Annotations

Branches:
Dungeon (7/15)             Temple (1/1) D:5

Altars:
Ashenzari
Cheibriados
Dithmenos
Elyvilon
Fedhas
Gozag
Hepliaklqana
Kikubaaqudgha
Nemelex Xobeh
Okawaru
Qazlal
Ru
Sif Muna
Trog
Uskayaw
Vehumet
Wu Jian
Xom
Yredelemnul
Zin

Annotations:
D:6 2 transporters, NorthaanB's ghost, novice CeHu
D:7 1 runed door


Innate Abilities, Weirdness & Mutations

You have a pair of antennae on your head.
You have sharp fingernails.
You have large cloven feet.
A demonic guardian rushes to your aid.
You regenerate a little health from kills.
Your life essence is reduced to manifest your ancestor. (-10% HP)


Message History

The orc hits you but does no damage. The orc warrior barely misses you.
You hit the orc warrior but do no damage.
You kick the orc warrior, but do no damage.
The orc warrior is severely wounded.
The orc completely misses you.
The orc warrior hits you with a +2 dire flail of draining!!
* * * LOW HITPOINT WARNING * * *
You feel drained.
* * * LOW HITPOINT WARNING * * *
The orc hits you with a +3 whip.
* * * LOW HITPOINT WARNING * * *
Throwing (i - inventory)
d - 4 throwing nets (quivered)
Press: ? - help, Shift-Dir - straight line, f - orc warrior
Aim: an orc warrior, wielding a +2 dire flail of draining and wearing a +0 plate armour (severely wounded)
You throw a throwing net.
The throwing net closely misses the orc warrior.
The throwing net hits the orc.
The orc is caught in the net!
The orc is heavily wounded.
The orc warrior hits you with a +2 dire flail of draining!
You die...

##...##.#### ###.# ###
#.....รท....##
########...##... #...........#
................ #......)....#
................ #...........#
......))........ #...........#
................ ##...########
......##...##... ##...###...#
..... #...#
#..........###########...##..
#.............@oo......>......
#.........................>...
##....##......................
#######...##.......##...##...
#....##########....# ...
#.....# ....# .. ###.....#
#...# #.......# .... #.###..##
..... #.R########


You could see an orc warrior and an orc (caught).

Vanquished Creatures
  Grinder (D:6)
  A slave (D:7)
  2 sky beasts
  A phantom (D:6)
  2 ogres
  A big kobold (D:7)
  A bullfrog (D:6)
  A wyvern zombie (D:6)
  2 killer bees (D:7)
  An electric eel (D:7)
  A howler monkey (D:7)
  A jelly (D:6)
  A centaur skeleton (D:6)
  2 bullfrog skeletons (D:5)
  2 hounds
  5 orc priests
  Natasha (thrice) (D:3)
  2 iguanas (D:5)
  2 orc wizards (D:7)
  2 worker ants (D:6)
  6 adders
  3 shadow imps
  2 oozes (D:2)
  2 adder skeletons
  7 leopard geckos
  21 orcs
  7 bats
  4 giant cockroaches
  5 goblins (D:1)
  4 hobgoblins
  5 jackals
  12 kobolds
  2 ball pythons
  A frilled lizard (D:1)
  A jackal skeleton (D:4)
  A quokka zombie (D:5)
  6 rats
123 creatures vanquished.

Vanquished Creatures (collateral kills)
  Pikel (D:7)
  An ice beast (D:5)
  2 slaves (D:7)
  An ogre (D:7)
  A big kobold (D:6)
  A scorpion (D:7)
  3 killer bees (D:7)
  A howler monkey (D:7)
  2 electric eels (D:7)
  A hound (D:6)
  2 orc wizards (D:7)
  An adder (D:6)
  An adder zombie (D:6)
  An adder skeleton (D:4)
  3 orcs (D:7)
  A kobold (D:6)
23 creatures vanquished.

Vanquished Creatures (others)
  A slave (D:7)
  An ancestor (D:7)
  A gnoll (D:7)
  An orc (D:7)
  2 plants (D:7)
6 creatures vanquished.

Grand Total: 152 creatures vanquished

Notes
Turn   | Place    | Note
-------+----------+-------------------------------------------
     0 | D:1      | Voker57 the Demonspawn Gladiator began the quest for the
                  | Orb.
     0 | D:1      | Reached XP level 1. HP: 16/16 MP: 1/1
   145 | D:1      | Gained mutation: You have a pair of small antennae on your
                  | head. [demonic ancestry]
   145 | D:1      | Reached XP level 2. HP: 18/22 MP: 2/2
   605 | D:1      | Gained mutation: A weak demonic guardian rushes to your
                  | aid. [demonic ancestry]
   605 | D:1      | Reached XP level 3. HP: 27/27 MP: 3/3
   928 | D:2      | Found an opulent altar of Gozag.
  1274 | D:2      | Reached skill level 1 in Armour
  1471 | D:3      | Noticed a +0 hand axe
  1472 | D:3      | Found a hide-covered altar of Uskayaw.
  1472 | D:3      | Noticed a +0 hand axe
  1598 | D:3      | Noticed Natasha
  1619 | D:2      | Gained mutation: You have a pair of antennae on your head.
                  | [demonic ancestry]
  1619 | D:2      | Reached XP level 4. HP: 26/33 MP: 4/4
  1725 | D:3      | Killed Natasha
  1734 | D:3      | Noticed Natasha
  1740 | D:3      | Killed Natasha
  1794 | D:3      | Found a radiant altar of Vehumet.
  1874 | D:3      | Noticed Natasha
  1882 | D:3      | Killed Natasha
  1882 | D:3      | Gained mutation: You have sharp fingernails. [demonic
                  | ancestry]
  1882 | D:3      | Reached XP level 5. HP: 34/39 MP: 5/5
  1999 | D:3      | Found a shattered altar of Ashenzari.
  2291 | D:4      | Noticed an ogre
  2297 | D:4      | Killed an ogre
  2301 | D:4      | Gained mutation: You have large cloven feet. [demonic
                  | ancestry]
  2301 | D:4      | Reached XP level 6. HP: 47/47 MP: 6/6
  2586 | D:5      | Entered Level 5 of the Dungeon
  2586 | D:5      | Noticed an ice beast
  2592 | D:5      | Killed an ice beast
  2606 | D:5      | Reached skill level 5 in Long Blades
  2609 | D:5      | Found a staircase to the Ecumenical Temple.
  2644 | Temple   | Entered the Ecumenical Temple
  2830 | Temple   | Became a worshipper of Hepliaklqana the Forgotten
  3216 | D:5      | Gained mutation: A demonic guardian rushes to your aid.
                  | [demonic ancestry]
  3216 | D:5      | Reached XP level 7. HP: 47/47 MP: 7/7
  3240 | D:5      | Found a snail-covered altar of Cheibriados.
  3565 | D:5      | Found an ornate altar of the Wu Jian Council.
  3889 | D:6      | Reached * piety under Hepliaklqana
  3909 | D:6      | Noticed Grinder
  3927 | D:6      | Killed Grinder
  3927 | D:6      | Reached skill level 5 in Fighting
  3927 | D:6      | Reached skill level 5 in Dodging
  3927 | D:6      | Reached XP level 8. HP: 24/55 MP: 8/8
  4169 | D:6      | Found a blossoming altar of Fedhas.
  4209 | D:6      | Noticed NorthaanB's ghost (novice CeHu)
  4211 | D:6      | Found a transporter.
  4214 | D:6      | Found a transporter.
  4274 | D:6      | Found an ancient bone altar of Kikubaaqudgha.
  5220 | D:7      | Noticed Pikel
  5233 | D:7      | Killed Pikel
  5233 | D:7      | Gained mutation: You regenerate a little health from kills.
                  | [demonic ancestry]
  5233 | D:7      | Reached XP level 9. HP: 50/63 MP: 9/9
  6120 | D:7      | Found a runed door.
  6231 | D:7      | Slain by an orc warrior

Vault maps used:
D:1:      ebering_hopf_link, minmay_tripent
D:2:      grunt_gozag_statues
D:3:      dancing_weapons_uskayaw, vehumet_crystals, evilmike_ruin_ashenzari,
          uniq_natasha
D:5:      kennysheep_mini, minmay_temple_entry_grid, basic_altar, first_ration
D:6:      kiku_gazebo_pond_becter, lemuel_coloured_pillars_altar,
          gammafunk_ghost_arena, uniq_grinder
D:7:      grunt_ogre_cave, serial_bayou_lake_a, uniq_crazy_yiuf_cottage,
          uniq_pikel
Temple:   minmay_temple_bridge_abc

Skill      XL: |  1  2  3  4  5  6  7  8  9 |
---------------+----------------------------+-----
Long Blades    | 3 4 5 7 |  7.6
Armour         | 1 |  1.8
Dodging        | 3 4 5 6 7 |  7.0
Fighting       | 3 5 6 7 |  7.3
Throwing       | |  1.8
Stealth        | |  0.1

Action                   |  1- 3 |  4- 6 |  7- 9 || total
-------------------------+-------+-------+-------++-------
Melee: Long sword        |   107 |   102 |   158 ||   367
       Kick              |       |    21 |    56 ||    77
Throw: Throwing net      |       |       |     1 ||     1
Evoke: Wand              |       |       |     1 ||     1
  Use: Scroll            |     9 |     5 |     5 ||    19
 Stab: Distracted        |       |       |     1 ||     1
  Eat: Chunk             |     2 |     4 |     8 ||    14
       Ration            |       |       |     1 ||     1
Armor: Ice dragon scales |    82 |    39 |    62 ||   183
       Leather armour    |     2 |       |       ||     2
Dodge: Dodged            |    71 |    76 |   131 ||   278
       Rpst.: Long sword |    25 |    25 |    36 ||    86

Table legend:
 A = Non-vault XP
 B = Vault XP
 C = Vault XP percentage of total XP
 D = Non-vault monster count
 E = Vault monster count
 F = Vault count percentage of total count
                 A         B        C        D         E       F
            +---------+---------+-------+---------+---------+-------
      Total |    2771 |    1039 |  27.3 |     137 |       6 |   4.2
            +---------+---------+-------+---------+---------+-------
        D:1 |      37 |       4 |   9.8 |      20 |       2 |   9.1
        D:2 |      51 |       0 |   0.0 |      10 |       0 |   0.0
        D:3 |      98 |      33 |  25.2 |      18 |       1 |   5.3
        D:4 |     208 |       0 |   0.0 |      16 |       0 |   0.0
        D:5 |     520 |       0 |   0.0 |      14 |       0 |   0.0
        D:6 |     753 |     272 |  26.5 |      23 |       1 |   4.2
        D:7 |    1104 |     730 |  39.8 |      36 |       2 |   5.3
            +---------+---------+-------+---------+---------+-------
